 Dungeon Crawl Stone Soup version 0.20-a0-930-gbddf555 (webtiles) character file.

40521 LordEnrai the Cleaver (level 13, -5/116 HPs)
             Began as a Minotaur Gladiator on Mar 30, 2017.
             Was a Priest of Uskayaw.
             Killed by divine providence
             ... invoked by an orc priest
              (13 damage)
             ... on level 14 of the Dungeon.
             The game lasted 00:40:19 (13449 turns).

LordEnrai the Cleaver (Minotaur Gladiator)         Turns: 13449, Time: 00:40:19

Health: -5/116     AC: 36    Str: 27    XL:     13   Next: 75%
Magic:  18/18      EV: 13    Int:  5    God:    Uskayaw [***...]
Gold:   718        SH:  0    Dex: 11    Spells: 12/12 levels left

rFire    + . .     SeeInvis .   F - +2 broad axe
rCold    x . .     Gourm    .   (no shield)
rNeg     + . .     Faith    .   z - +15 Maxwell's patent armour {-Cast -Tele rElec MR+ rCorr}
rPois    .         Spirit   .   (helmet unavailable)
rElec    +         Reflect  .   j - +1 cloak
rCorr    +         Harm     .   n - +0 pair of gloves
MR       +....     NoTele   +   o - +0 pair of boots Stlth ..........NoCast +
                                h - amulet of regeneration
Regen    0.7/turn               p - ring of fire
MPRegen  0.2/turn               y - ring of positive energy

@: very slightly contaminated, hasted, very quick
A: retaliatory headbutt, horns 3, strong 1
a: Stomp, Line Pass, Renounce Religion


You were on level 14 of the Dungeon.
You worshipped Uskayaw.
Uskayaw was aware of your devotion.
You were not hungry.

You visited 2 branches of the dungeon, and saw 15 of its levels.

You collected 718 gold pieces.

Inventory:

Hand Weapons
 b - the +10 arbalest "Pumauk" {elec, +Fly rF+ rC+ Int-4}
   (You found it on level 9 of the Dungeon)

   It charges the ammunition it shoots with electricity; occasionally upon a
   hit, such missiles may discharge and cause terrible harm.
   It affects your intelligence (-4).
   It protects you from fire.
   It protects you from cold.
   It lets you fly.
 F - a +2 broad axe (weapon)
Missiles
 E - 96 bolts (quivered)
Armour
 j - a +1 cloak (worn)
 n - a +0 pair of gloves (worn)
 o - a +0 pair of boots (worn)
 u - a +2 ring mail of fire resistance
 z - the +15 Maxwell's patent armour (worn) {-Cast -Tele rElec MR+ rCorr}
   (You found it on level 10 of the Dungeon)

   It insulates you from electricity.
   It affects your resistance to hostile enchantments.
   It prevents spellcasting.
   It prevents most forms of teleportation.
   It protects you from acid and corrosion.
Jewellery
 h - an amulet of regeneration (around neck)
 p - a ring of fire (left hand)
 y - a ring of positive energy (right hand)
 H - an uncursed ring of flight
Wands
 c - a wand of digging (24/24)
 B - a wand of confusion (14/48)
 C - a wand of enslavement (4/24)
 K - a wand of random effects (23/48)
Scrolls
 a - a scroll of magic mapping
 k - 6 scrolls of remove curse
 m - 2 scrolls of immolation
 r - 3 scrolls of blinking
 w - 3 scrolls of teleportation
 G - a scroll of recharging
 I - a scroll of enchant weapon
 J - a scroll of summoning
 M - a scroll of identify
Potions
 e - a potion of mutation
 g - 2 potions of curing
 i - 3 potions of flight
 q - a potion of lignification
 s - 3 potions of haste
 x - 3 potions of magic
 D - 2 potions of brilliance
Miscellaneous
 d - a lamp of fire
Comestibles
 f - 5 bread rations
 l - 9 royal jellies
 t - 9 fruits
 v - 6 meat rations


   Skills:
 - Level 11.4 Fighting
 - Level 14.4 Axes
   Level 0.4 Bows
 - Level 2.0 Throwing
 - Level 13.2 Armour
 * Level 12.2 Dodging
 * Level 9.2 Invocations


You had 12 spell levels left.
You didn't know any spells.

Dungeon Overview and Level Annotations

Branches:
Dungeon (14/15)            Temple (1/1) D:7            Lair (0/6) D:9
    Orc (0/2) D:12         Vaults (0/5) D:13

Altars:
Ashenzari
Cheibriados
Dithmenos
Elyvilon
Fedhas
Gozag
Hepliaklqana
Kikubaaqudgha
Makhleb
Nemelex Xobeh
Okawaru
Qazlal
Ru
Sif Muna
Trog
Uskayaw
Vehumet
Wu Jian
Xom
Yredelemnul
Zin
The Shining One

Shops:
D:4 (   D:7 =


Innate Abilities, Weirdness & Mutations

You reflexively headbutt those who attack you in melee.
You have a pair of large horns on your head.
Your muscles are strong. (Str +2)


Message History

The orc priest invokes the aid of Beogh against you.
Beogh smites you!
* * * LOW HITPOINT WARNING * * *
The centaur closely misses you.
You feel yourself speed up.
The orc priest is no longer sharing its pain.
The centaur hits you but does no damage.
The orc priest moves out of view.
You are very lightly contaminated with residual magic.
The centaur wields a shortbow.
The centaur shoots an arrow.
The arrow closely misses you.
You see here an arrow.
The centaur shoots an arrow.
The arrow hits you but does no damage.
You see here an arrow.
The centaur shoots an arrow.
The arrow hits you.
* * * LOW HITPOINT WARNING * * *
You see here an arrow.
The orc priest mumbles some strange prayers to Beogh against you.
Beogh smites you!
You die... ... #..
F.# #.. co#

+.. ###u### #..
###..†..## ##'
##.((###..# #.
##.(######.#######
#..## #...........
#####@#####...# ......
#...|.........# ......
#.............###.###.
#...............# #...
#.............#####...
##.########...#.#.....
#. #..###.###... ##
.####....)...#...
.............#...


You could see a white ugly thing and an orc priest.

Vanquished Creatures
  4 two-headed ogres
  An ogre mage (D:13)
  3 centaur warriors
  Urug (D:10)
  A skeletal warrior (D:13)
  2 unseen horrors
  The ghost of LordEnrai the Cleaver, a novice MiGl (D:6)
  Pikel (D:9)
  An orc knight (D:13)
  A wolf spider zombie (D:14)
  6 ugly things
  A deep elf mage (D:13)
  2 manticores
  A cyclops (D:11)
  Psyche (D:10)
  2 gargoyles (D:10)
  2 centaur skeletons (D:13)
  4 yaktaurs (D:13)
  A freezing wraith (D:14)
  A komodo dragon (D:13)
  4 trolls
  5 slime creatures
  A hornet (D:12)
  3 hippogriffs
  14 yaks (D:11)
  A wraith (D:12)
  3 wyverns
  A vampire (D:13)
  A basilisk (D:9)
  A hungry ghost (D:13)
  8 vampire mosquitoes
  Menkaure (D:5)
  An acid dragon (D:13)
  2 porcupines (D:9)
  7 orc warriors
  2 water moccasins (D:10)
  5 black bears
  2 ice beasts
  5 sky beasts
  2 necrophages
  A black bear (shapeshifter) (D:13)
  An eye of draining (D:13)
  4 phantoms
  11 ogres
  11 centaurs
  A wolf (D:10)
  3 crocodiles
  A big kobold (D:8)
  5 bullfrogs
  2 wyvern zombies
  6 scorpions
  A wyvern skeleton (D:14)
  3 killer bees (D:11)
  A howler monkey (D:12)
  9 wights
  3 centaur zombies
  5 crimson imps
  A bullfrog zombie (D:9)
  A quasit (D:10)
  5 jellies
  A gnoll shaman (D:5)
  6 hounds
  Crazy Yiuf (D:2)
  12 orc priests
  Jessica (D:1)
  7 bullfrog skeletons
  2 iguanas
  Natasha (thrice) (D:2)
  12 orc wizards
  7 worker ants
  A hound zombie (D:7)
  3 worker ant zombies
  13 adders
  8 gnolls (D:5)
  2 shadow imps
  2 oozes
  An adder skeleton (D:4)
  A worm (D:2)
  2 dart slugs (D:1)
  6 leopard geckos
  70 orcs
  12 bats
  A giant cockroach (D:7)
  10 goblins
  4 hobgoblins
  4 jackals (D:3)
  4 quokkas
  A ball python skeleton (D:4)
  2 frilled lizards
  10 kobolds
  A leopard gecko skeleton (D:6)
  A quokka skeleton (D:9)
  5 rats
397 creatures vanquished.

Vanquished Creatures (others)
  A slave (D:11)
  An adder zombie (D:9)
  An orc (D:9)
  A plant (D:9)
4 creatures vanquished.

Grand Total: 401 creatures vanquished

Notes
Turn   | Place    | Note
-------+----------+-------------------------------------------
     0 | D:1      | LordEnrai the Minotaur Gladiator began the quest for the Orb.
     0 | D:1      | Reached XP level 1. HP: 18/18 MP: 0/0
    41 | D:1      | Reached skill level 4 in Axes
    52 | D:1      | Gained mutation: Your muscles are strong. (Str +2) [potion of mutation]
    52 | D:1      | Gained mutation: You have a pair of large horns on your head. [potion of mutation]
   147 | D:1      | Reached XP level 2. HP: 25/25 MP: 1/1
   627 | D:1      | Reached XP level 3. HP: 31/31 MP: 2/2
   884 | D:2      | Noticed Jessica
   891 | D:1      | Killed Jessica
   891 | D:1      | Reached skill level 5 in Axes
  1098 | D:2      | Reached XP level 4. HP: 32/38 MP: 3/3
  1151 | D:2      | Noticed Natasha
  1157 | D:2      | Killed Natasha
  1158 | D:2      | Reached skill level 6 in Axes
  1187 | D:2      | Noticed Natasha
  1194 | D:2      | Killed Natasha
  1194 | D:2      | Reached XP level 5. HP: 11/46 MP: 4/4
  1441 | D:2      | Noticed Natasha
  1450 | D:2      | Killed Natasha
  1879 | D:2      | Found a runed door.
  1883 | D:2      | Noticed Crazy Yiuf
  1889 | D:2      | Killed Crazy Yiuf
  1970 | D:3      | Reached skill level 7 in Axes
  2011 | D:3      | Reached XP level 6. HP: 42/53 MP: 5/5
  2547 | D:4      | Reached skill level 5 in Fighting
  2568 | D:4      | Reached skill level 8 in Axes
  2799 | D:4      | Reached XP level 7. HP: 44/61 MP: 6/6
  2960 | D:4      | Found Tanafof's Weapon Shoppe.
  3175 | D:5      | Entered Level 5 of the Dungeon
  3210 | D:5      | Noticed Menkaure
  3221 | D:5      | Killed Menkaure
  3221 | D:5      | Reached skill level 9 in Axes
  3400 | D:5      | Reached XP level 8. HP: 54/71 MP: 7/7
  4017 | D:6      | Reached skill level 10 in Axes
  4190 | D:6      | Noticed LordEnrai's ghost (novice MiGl)
  4797 | D:6      | Killed LordEnrai's ghost
  4797 | D:6      | Reached skill level 11 in Axes
  4797 | D:6      | Reached XP level 9. HP: 39/82 MP: 8/8
  5579 | D:7      | Found Qogeh's Jewellery Shoppe.
  5606 | D:7      | Reached skill level 12 in Axes
  5774 | D:7      | Found a radiant altar of Vehumet.
  5775 | D:7      | Found a burning altar of Makhleb.
  5801 | D:7      | Found a bloodstained altar of Trog.
  5876 | D:7      | Found a staircase to the Ecumenical Temple.
  5882 | Temple   | Entered the Ecumenical Temple
  5908 | Temple   | Became a worshipper of Uskayaw the Reveler
  6048 | D:7      | Reached * piety under Uskayaw
  6086 | D:7      | Found an ornate altar of the Wu Jian Council.
  6092 | D:7      | Found an iron altar of Okawaru.
  6095 | D:7      | Found a shimmering altar of Xom.
  6148 | D:7      | Reached ** piety under Uskayaw
  6151 | D:7      | Reached skill level 10 in Fighting
  6784 | D:8      | Reached skill level 1 in Armour
  6784 | D:8      | Reached *** piety under Uskayaw
  6787 | D:8      | Reached **** piety under Uskayaw
  7245 | D:8      | Reached skill level 5 in Dodging
  7255 | D:8      | Reached ***** piety under Uskayaw
  7344 | D:8      | Reached XP level 10. HP: 92/92 MP: 9/9
  7492 | D:8      | You fall through a shaft for 3 floors!
  7521 | D:10     | Entered Level 10 of the Dungeon
  7521 | D:10     | Noticed a gargoyle
  7529 | D:10     | Killed a gargoyle
  7529 | D:10     | Reached skill level 5 in Armour
  7682 | D:10     | Noticed Urug
  7700 | D:10     | Killed Urug
  8384 | D:9      | Noticed Psyche
  8392 | D:10     | Noticed a gargoyle
  8399 | D:10     | HP: 2/138 [gargoyle/flail (6)]
  8404 | D:10     | Killed a gargoyle
  8795 | D:10     | Killed Psyche
  8828 | D:9      | Reached XP level 11. HP: 67/100 MP: 10/10
  8957 | D:9      | Found a staircase to the Lair.
  9012 | D:9      | Reached XP level 12. HP: 110/110 MP: 10/14
  9099 | D:9      | Noticed Pikel
  9111 | D:9      | Killed Pikel
  9291 | D:9      | Got a bloodstained arbalest
  9292 | D:9      | Identified the +10 arbalest "Pumauk" {elec, +Fly rF+ rC+ Int-4} (You found it on level 9 of the Dungeon)
  9359 | D:9      | Noticed a two-headed ogre
  9368 | D:9      | Killed a two-headed ogre
  9405 | D:9      | Found a sparkling altar of Nemelex Xobeh.
  9879 | D:11     | Reached skill level 10 in Dodging
 10853 | D:12     | Reached skill level 13 in Axes
 11164 | D:12     | Reached skill level 5 in Invocations
 11276 | D:12     | Found a staircase to the Orcish Mines.
 11414 | D:12     | Reached skill level 14 in Axes
 11786 | D:13     | Reached XP level 13. HP: 70/116 MP: 16/16
 12485 | D:13     | Found a gate to the Vaults.
 13449 | D:14     | Killed from afar by an orc priest

Vault maps used:
D:1:      kennysheep_arrival_seaside, kennysheep_nondescript, roderic_lattice_a,
          patterned_corridor
D:2:      minmay_tree_intersection, lemuel_old_faithful,
          uniq_crazy_yiuf_cottage, uniq_natasha, uniq_jessica
D:4:      serial_shops, shop, grunt_ministairs_4
D:5:      first_bread, grunt_decor_fettered, uniq_menkaure
D:6:      kennysheep_generic_room_6
D:7:      grunt_temple_overflow_lords_of_destruction,
          nicolae_overflow_crystal_walls, grunt_temple_overflow_diamond,
          temple_statues, serial_shops, nicolae_shop_waterfront
D:8:      serial_shops, shop
D:9:      minmay_lair_entry_grove, basic_altar, minmay_diamond_spiral,
          uniq_psyche, uniq_pikel
D:10:     uniq_urug
D:12:     orc_0_dummy
D:13:     hangedman_vaults_entry_quadrant_bands, minivault_19
D:14:     serial_corexii_hall, corexii_hall_statues_i, corexii_hall_statues_l,
          corexii_hall_statues_x, corexii_hall_statues_i,
          roderic_bali_sauvastika
Temple:   nicolae_temple_elliptical

Skill      XL: |  1  2  3  4  5  6  7  8  9 10 11 12 13 |
---------------+----------------------------------------+-----
Axes           | 4 5 6 7 8 9 11 12 14 | 14.4
Fighting       | 3 4 5 6 8 10 11 | 11.4
Armour         | 3 8 11 13 | 13.2
Dodging        | 5 9 10 12 | 12.2
Invocations    | 4 6 9 |  9.2
Bows           | |  0.4
Throwing       | |  2.0

Action                   |  1- 3 |  4- 6 |  7- 9 | 10-12 | 13-15 || total
-------------------------+-------+-------+-------+-------+-------++-------
Melee: War axe           |    46 |   121 |   279 |    60 |       ||   506
       Headbutt          |     7 |    20 |    38 |    97 |    50 ||   212
       Broad axe         |       |       |       |   323 |   170 ||   493
 Fire: Shortbow          |       |       |     9 |       |       ||     9
       Arbalest          |       |       |       |       |    30 ||    30
Throw: Throwing net      |       |       |       |     4 |       ||     4
Invok: Stomp             |       |       |     1 |     2 |     3 ||     6
  Use: Potion            |     5 |     6 |     5 |     5 |     3 ||    24
       Scroll            |     2 |     6 |     7 |     3 |     1 ||    19
 Stab: Paralysed         |       |       |     5 |    33 |    27 ||    65
       Held in net/web   |       |       |       |     1 |       ||     1
  Eat: Chunk             |       |     6 |    12 |    12 |     4 ||    34
       Fruit             |       |       |     2 |       |       ||     2
       Bread ration      |       |       |       |     1 |     1 ||     2
Armor: Leather armour    |    28 |    37 |    25 |       |       ||    90
       Skin              |       |     1 |    20 |     8 |       ||    29
       Ring mail         |       |       |    67 |    87 |       ||   154
       Plate armour      |       |       |       |   130 |   188 ||   318
Dodge: Dodged            |    47 |    91 |   144 |   238 |   113 ||   633
